 Dungeon Crawl Stone Soup version 0.25-a0-10-g2fe12d4386 (webtiles) character file.

Game seed: 15617381489348694906, levelgen mode: deterministic

840 Kohma the Covert (level 7, 0/32 HPs)
             Began as a Spriggan Enchanter on Oct 15, 2019.
             Slain by a worker ant (3 damage)
             ... on level 5 of the Dungeon.
             The game lasted 00:14:19 (4690 turns).

Kohma the Covert (Spriggan Enchanter)               Turns: 4690, Time: 00:14:19

Health: 0/32       AC:  6    Str:  4    XL:     7   Next: 67%
Magic:  3/14       EV: 18    Int: 23    God:
Gold:   231        SH:  0    Dex: 17    Spells: 11/14 levels left

rFire    . . .     SeeInvis +   a - +4 dagger (elec)
rCold    . . .     Gourm    .   (shield restricted)
rNeg     . . .     Faith    .   t - +1 robe {MR+}
rPois    .         Spirit   .   (helmet restricted)
rElec    .         Reflect  .   p - +2 cloak
rCorr    .         Harm     .   (gloves unavailable)
MR       ++...                  (boots unavailable)
Stlth    ++++......             (no amulet)
HPRegen  0.10/turn              (no ring)
MPRegen  0.14/turn              (no ring)

@: brilliant, lethally poisoned (0 -> -5), very quick
A: very small, unfitting armour, see invisible, herbivore, speed 3, slow
metabolism 2
a: no special abilities


You were on level 5 of the Dungeon.
You were very hungry.

You visited 1 branch of the dungeon, and saw 5 of its levels.

You collected 231 gold pieces.

Inventory:

Hand Weapons
 a - a +4 dagger of electrocution (weapon)
Missiles
 c - 258 stones
 h - 4 boomerangs of dispersal
 y - 6 curare-tipped darts (quivered)
Armour
 p - a +2 cloak (worn)
 t - a +1 robe of magic resistance (worn)
Jewellery
 k - an uncursed amulet of rage {unknown}
 o - an uncursed ring of ice {unknown}
 u - an uncursed amulet of magic regeneration {unknown}
 x - a cursed amulet of inaccuracy {unknown}
Wands
 b - a wand of polymorph (4)
Scrolls
 e - 2 scrolls of remove curse {unknown}
 f - 3 scrolls of magic mapping {unknown}
 g - a scroll of teleportation {unknown}
 i - 2 scrolls of blinking {unknown}
 j - 3 scrolls of fear {unknown}
 m - 3 scrolls of enchant armour {unknown}
 n - 4 scrolls of identify {unknown}
 v - a scroll of immolation {unknown}
 w - a scroll of enchant weapon {unknown}
Potions
 q - a potion of ambrosia {unknown}
 r - a potion of resistance {unknown}
 s - a potion of mutation {unknown}
 z - a potion of flight {unknown}
 A - a potion of curing {unknown}
Comestibles
 d - 6 rations


   Skills:
 - Level 5.2 Short Blades
 - Level 3.0 Dodging
 - Level 8.7 Stealth
 - Level 4.0 Spellcasting
 + Level 6.7 Hexes


You had 11 spell levels left.
You knew the following spells:

 Your Spells              Type           Power        Failure   Level  Hunger
a - Corona                Hex            #####..      1%          1    None
b - Ensorcelled Hibernat  Hex/Ice        ####..       1%          2    #......

Your spell library contained the following spells:

 Spells                   Type           Power        Failure   Level  Hunger
 Confuse                  Hex            #####...     1%          3    ##.....
 Dazzling Spray           Conj/Hex       ####..       1%          3    ##.....
 Tukima's Dance           Hex            #####...     1%          3    ##.....


Dungeon Overview and Level Annotations

Branches:
Dungeon (5/15)
 Temple: D:4-7

Altars:
Dithmenos
Sif Muna
Uskayaw
The Shining One


Innate Abilities, Weirdness & Mutations

You are very small and have problems with some larger weapons.
You are too small for most types of armour.
You have supernaturally acute eyesight. (SInv)
You are a herbivore.
You cover ground extremely quickly.
You need to consume almost no food.


Message History

The centaur misses you. The worker ant completely misses you.
The worker ant misses you.
Okay, then.
You feel sick. The worker ant closely misses you.
You hit the centaur.
The centaur is lightly wounded.
The centaur hits you. The worker ant barely misses you.
You feel sick. The centaur completely misses you.
The centaur closely misses you.
The centaur wields a +0 shortbow.
The centaur shoots an arrow.
The arrow hits you!
* * * LOW HITPOINT WARNING * * *
You see here an arrow.
* * * LOW HITPOINT WARNING * * *
You feel sick.
It was a potion of brilliance.
You feel clever all of a sudden.
The centaur unwields a +0 shortbow.
The centaur barely misses you. The worker ant bites you.
You die...

....## ##.#..#######+ ...##
#.....#......... ....##
##.....#.......... .....#
#......#........... .....#
#.#....#....≈≈≈≈≈..
.....####.##...#.....)≈....
........[..[...#......≈....
........).#†...'..≈§§≈§§≈≈≈
........>#.....#@a.§.(≈!...
...............#ac...§≈§.§.
.........#.....#?...≈≈≈≈≈.
...............#.......§§§
........##.....#.......§...
....##########.#...........
... #.#######+#### #.. ###


You could see a centaur and 2 worker ants.

Vanquished Creatures
  Eustachio (D:4)
  Sigmund (D:4)
  2 howler monkeys
  2 orc priests (D:5)
  Crazy Yiuf (D:2)
  An orc wizard (D:5)
  5 worker ants
  Terence (D:2)
  A hound zombie (D:5)
  12 adders
  An ooze (D:2)
  An adder zombie (D:5)
  2 worms
  2 dart slugs
  A leopard gecko (D:5)
  7 orcs
  7 bats
  A giant cockroach (D:1)
  2 goblins
  12 hobgoblins
  5 jackals (D:1)
  2 quokkas
  4 ball pythons (D:3)
  5 frilled lizards
  4 kobolds
  A leopard gecko skeleton (D:5)
  A quokka zombie (D:5)
  5 rats
90 creatures vanquished.

Notes
Turn   | Place    | Note
-------+----------+-------------------------------------------
     0 | D:1      | Kohma the Spriggan Enchanter began the quest for the Orb.
     0 | D:1      | Reached XP level 1. HP: 9/9 MP: 5/5
   155 | D:1      | You fall into a shaft and drop 1 floor!
   449 | D:1      | Reached XP level 2. HP: 12/13 MP: 6/6
   453 | D:1      | Learned a level 2 spell: Ensorcelled Hibernation
   460 | D:1      | Reached skill level 5 in Stealth
  1621 | D:2      | Reached XP level 3. HP: 16/16 MP: 8/8
  1672 | D:2      | Reached skill level 6 in Stealth
  1735 | D:2      | Found a shimmering blue altar of Sif Muna.
  1934 | D:2      | Found a hide-covered altar of Uskayaw.
  2043 | D:2      | Reached XP level 4. HP: 21/21 MP: 7/9
  2048 | D:2      | Noticed Terence
  2063 | D:2      | Killed Terence
  2186 | D:2      | You fall into a shaft and drop 1 floor!
  2623 | D:2      | Found a runed translucent door.
  2624 | D:2      | Noticed Crazy Yiuf
  2630 | D:2      | Killed Crazy Yiuf
  2630 | D:2      | Reached skill level 7 in Stealth
  2630 | D:2      | Reached XP level 5. HP: 24/24 MP: 5/10
  3333 | D:3      | Found a glowing golden altar of the Shining One.
  3466 | D:4      | Noticed Eustachio
  3484 | D:4      | Killed Eustachio
  3484 | D:4      | Reached skill level 5 in Short Blades
  3484 | D:4      | Reached skill level 8 in Stealth
  3484 | D:4      | Reached XP level 6. HP: 14/28 MP: 7/11
  3669 | D:4      | Found a shadowy altar of Dithmenos.
  3670 | D:4      | Noticed Sigmund
  3684 | D:4      | Killed Sigmund
  3684 | D:4      | Reached XP level 7. HP: 32/32 MP: 11/13
  3912 | D:4      | Reached skill level 5 in Hexes
  4011 | D:5      | Entered Level 5 of the Dungeon
  4690 | D:5      | Slain by a worker ant

Levels and vault maps discovered:
D:1:      nzn_arrival_water_spiral, layout_rooms
D:2:      layout_loops_corners, lemuel_coloured_pillars_altar,
          lemuel_round_altar, uniq_terence, uniq_crazy_yiuf_cottage
D:3:      layout_rooms, tso_altar, minmay_snake_closets
D:4:      layout_rooms, nicolae_overflow_hidden_temple, uniq_eustachio,
          uniq_sigmund
D:5:      layout_rooms, minmay_temple_entry_sparse_star, first_ration,
          kennysheep_generic_room_16

Skill      XL: |  1  2  3  4  5  6  7 |
---------------+----------------------+-----
Stealth        | 5 6 7 8 |  8.7
Short Blades   | 2 3 4 5 |  5.2
Spellcasting   | 3 4 |  4.0
Hexes          | 4 6 |  6.7
Dodging        | |  3.0

Action                   |  1- 3 |  4- 6 |  7- 9 || total
-------------------------+-------+-------+-------++-------
Melee: Dagger            |   102 |    56 |    53 ||   211
Throw: Stone             |    33 |       |       ||    33
 Cast: Ensorcelled Hiber |    21 |    24 |    25 ||    70
  Use: Potion            |       |       |     1 ||     1
 Stab: Sleeping          |    19 |    34 |    18 ||    71
       Distracted        |     1 |       |     1 ||     2
  Eat: Ration            |       |     1 |     1 ||     2
Armor: Robe              |    13 |     5 |     7 ||    25
Dodge: Dodged            |    78 |    51 |    49 ||   178

Table legend:
 A = Non-vault XP
 B = Vault XP
 C = Vault XP percentage of total XP
 D = Non-vault monster count
 E = Vault monster count
 F = Vault count percentage of total count
                 A         B        C        D         E       F
            +---------+---------+-------+---------+---------+-------
      Total |     614 |     587 |  48.9 |      75 |      15 |  16.7
            +---------+---------+-------+---------+---------+-------
        D:1 |      33 |       0 |   0.0 |      18 |       0 |   0.0
        D:2 |     115 |      73 |  38.8 |      23 |       2 |   8.0
        D:3 |      19 |      98 |  83.8 |       9 |      11 |  55.0
        D:4 |     145 |     416 |  74.2 |       7 |       2 |  22.2
        D:5 |     302 |       0 |   0.0 |      18 |       0 |   0.0
            +---------+---------+-------+---------+---------+-------
